 Dungeon Crawl Stone Soup version 0.25.0-37-gb73750e0fb (webtiles) character file.

Game seed: 763924761956463070

1187 Ethylacetat the Poker (level 8, -2/62 HPs)
             Began as a Demonspawn Gladiator on July 8, 2020.
             Was a Follower of Dithmenos.
             Slain by Joseph
             ... wielding a +0 quarterstaff
              (13 damage)
             ... on level 8 of the Dungeon.
             The game lasted 00:11:07 (5366 turns).

Ethylacetat the Poker (Demonspawn Gladiator)        Turns: 5366, Time: 00:11:08

Health: -2/62      AC:  6    Str: 14 (17) XL:     8   Next: 19%
Magic:  12/12      EV: 12    Int:  7 (10) God:    Dithmenos [*.....]
Gold:   146        SH:  0    Dex: 13 (14) Spells: 7/7 levels left

rFire    . . .     SeeInvis .   a - +0 trident
rCold    . . .     Gourm    .   (no shield)
rNeg     . . .     Faith    .   b - +0 leather armour
rPois    .         Spirit   .   (helmet restricted)
rElec    .         Reflect  .   (no cloak)
rCorr    .         Harm     .   (no gloves)
MR       .....                  (no boots)
Stlth    ++........             (no amulet)
HPRegen  0.20/turn              n - ring of wizardry
MPRegen  0.13/turn              (no ring)

@: mighty, wreathed by umbra
A: antennae 1, slimy green scales 2, nightstalker 1, rot immunity
a: Renounce Religion


You were on level 8 of the Dungeon.
You worshipped Dithmenos.
Dithmenos was aware of your devotion.
You were hungry.

You visited 1 branch of the dungeon, and saw 6 of its levels.

You collected 146 gold pieces.

Inventory:

Hand Weapons
 a - a +0 trident (weapon)
 h - a +0 short sword
Armour
 b - a +0 leather armour (worn)
 y - a +1 leather armour of cold resistance
Jewellery
 n - a ring of wizardry (left hand)
Wands
 k - a wand of acid (1)
Scrolls
 e - a scroll of enchant armour {unknown}
 j - a scroll of immolation {unknown}
 o - 2 scrolls of random uselessness {unknown}
 p - 2 scrolls of identify {unknown}
 q - a scroll of teleportation {unknown}
 r - a scroll of remove curse {unknown}
 u - a scroll of magic mapping {unknown}
 v - 2 scrolls of fear {unknown}
 w - a scroll of blinking {unknown}
 x - a scroll of fog {unknown}
Potions
 i - a potion of stabbing
 z - a potion of curing
Comestibles
 c - a chunk of flesh
 f - 9 rations


   Skills:
 + Level 5.2 Fighting
 * Level 7.0 Polearms
 - Level 1.7 Throwing
 - Level 3.0 Dodging
 + Level 5.5 Invocations


You had 7 spell levels left.
You didn't know any spells.
Your spell library was empty.

Dungeon Overview and Level Annotations

Branches:
Dungeon (5/15)             Temple (0/1) D:4

Altars:
Dithmenos

Shops:
D:5 =[

Annotations:
D:8 Joseph


Innate Abilities, Weirdness & Mutations

You have a pair of small antennae on your head.
You are mostly covered in slimy green scales. (AC +3)
You are slightly more attuned to the shadows.
You are immune to rotting.


Message History

* * * LOW HITPOINT WARNING * * *
You hit Joseph.
Joseph is heavily wounded.
Joseph completely misses you.
Okay, then.
You hit Joseph.
Joseph is heavily wounded.
Joseph hits you with a +0 quarterstaff.
* * * LOW HITPOINT WARNING * * *
You are feeling hungry.
You hit Joseph.
Joseph is heavily wounded.
Joseph hits you but does no damage.
You barely miss Joseph.
Joseph is heavily wounded.
Joseph hits you but does no damage.
You puncture Joseph!
Joseph is severely wounded.
Joseph hits you with a +0 quarterstaff!
You die...

########.#
.........#
.........
........#
..?.....+
........#
(....@@.#
#######(#
#.# #.#
#.# #.#
#.# #.#
#.#


You could see Joseph.

Vanquished Creatures
  Duvessa (D:5)
  3 phantoms
  An ice beast (D:5)
  An ogre (D:3)
  2 centaurs (D:5)
  Dowan (D:5)
  2 scorpions
  3 crimson imps (D:5)
  An orc priest (D:4)
  An orc wizard (D:4)
  An iguana (D:5)
  A howler monkey skeleton (D:5)
  4 gnolls (D:4)
  2 adders
  2 oozes
  3 worms
  3 dart slugs
  2 leopard geckos
  9 orcs
  2 giant cockroaches
  7 goblins
  7 hobgoblins
  4 jackals (D:2)
  7 kobolds
  2 ball pythons
  3 bats (D:1)
  3 frilled lizards
  A leopard gecko zombie (D:5)
  6 rats
85 creatures vanquished.

Notes
Turn   | Place    | Note
-------+----------+-------------------------------------------
     0 | D:1      | Ethylacetat the Demonspawn Gladiator began the quest for
                  | the Orb.
     0 | D:1      | Reached XP level 1. HP: 16/16 MP: 1/1
   300 | D:1      | Gained mutation: You are slightly more attuned to the
                  | shadows. [demonic ancestry]
   300 | D:1      | Reached XP level 2. HP: 22/22 MP: 2/2
   453 | D:1      | Reached skill level 3 in Polearms
   927 | D:2      | Found a faded altar of an unknown god.
  1103 | D:2      | Gained mutation: You are partially covered in slimy green
                  | scales. (AC +2) [demonic ancestry]
  1103 | D:2      | Reached XP level 3. HP: 24/28 MP: 3/3
  1897 | D:3      | Found a shadowy altar of Dithmenos.
  1911 | D:3      | Reached XP level 4. HP: 34/34 MP: 4/4
  1913 | D:3      | Became a worshipper of Dithmenos the Shadowed
  2103 | D:4      | Noticed an ogre
  2127 | D:3      | Killed an ogre
  2127 | D:3      | Reached skill level 4 in Polearms
  2127 | D:3      | Reached skill level 1 in Invocations
  2127 | D:3      | Gained mutation: You are immune to rotting. [demonic
                  | ancestry]
  2127 | D:3      | Reached XP level 5. HP: 21/41 MP: 4/6
  2639 | D:4      | Noticed a phantom
  2668 | D:4      | Killed a phantom
  2668 | D:4      | Reached skill level 5 in Polearms
  2668 | D:4      | Gained mutation: You have a pair of small antennae on your
                  | head. [demonic ancestry]
  2668 | D:4      | Reached XP level 6. HP: 17/48 MP: 6/8
  2877 | D:4      | Found a staircase to the Ecumenical Temple.
  3843 | D:5      | Entered Level 5 of the Dungeon
  3923 | D:5      | Gained mutation: You are mostly covered in slimy green
                  | scales. (AC +3) [demonic ancestry]
  3923 | D:5      | Reached XP level 7. HP: 52/54 MP: 9/9
  3945 | D:5      | Noticed Duvessa
  3956 | D:5      | Killed Duvessa
  3956 | D:5      | Noticed Dowan
  3987 | D:5      | Killed Dowan
  3987 | D:5      | Reached skill level 6 in Polearms
  4543 | D:5      | Reached * piety under Dithmenos
  4680 | D:5      | Found Ituitweq's Antique Armour Boutique.
  4787 | D:5      | Reached skill level 5 in Invocations
  4792 | D:5      | Reached XP level 8. HP: 30/61 MP: 11/11
  4981 | D:5      | Reached skill level 5 in Fighting
  5117 | D:5      | Found Tomm's Jewellery Boutique.
  5178 | D:5      | Reached skill level 7 in Polearms
  5338 | D:5      | You fall into a shaft and drop 3 floors!
  5343 | D:8      | Noticed Joseph
  5366 | D:8      | Slain by Joseph

Illustrated notes

Levels and vault maps discovered:
D:1:      giann_bridges, layout_basic
D:2:      layout_loops_cross, chequers_ecumenical_altar_simple
D:3:      layout_rooms, grunt_dithmenos_smoke
D:4:      layout_loops_ring, minmay_temple_entry_statues, first_ration
D:5:      layout_cave_pods, serial_shops, shop, kennysheep_little_box,
          shop_fountains, hex_large, uniq_duvessa
D:8:      layout_basic, serial_curves, eino_curves_02, eino_curves_01,
          enter_bailey_3, uniq_psyche, uniq_joseph, uniq_erica

Skill      XL: |  1  2  3  4  5  6  7  8 |
---------------+-------------------------+-----
Dodging        | 3 |  3.0
Polearms       | 3 4 5 6 7 |  7.0
Fighting       | 3 4 5 |  5.2
Invocations    | 1 3 5 |  5.5
Throwing       | |  1.7

Action                   |  1- 3 |  4- 6 |  7- 9 || total
-------------------------+-------+-------+-------++-------
Melee: Trident           |   118 |   114 |   186 ||   418
Throw: Throwing net      |       |     1 |     2 ||     3
  Use: Potion            |       |     3 |    10 ||    13
 Stab: Sleeping          |     7 |     2 |     2 ||    11
       Distracted        |       |       |     1 ||     1
       Held in net/web   |       |       |     4 ||     4
  Eat: Chunk             |     3 |     5 |     6 ||    14
Armor: Leather armour    |    17 |     3 |    46 ||    66
Dodge: Dodged            |    50 |    30 |   113 ||   193
